Map: King Sejong Station LE

Players

Goomba - Winner!

  • Race: Terran Terran
  • League: Grandmaster

Miszu

  • Race: Zerg Zerg
  • League: Master

VOD

Have the link to the VOD?

Description

Time

  • Played on: June 29, 2016, 4:53 p.m.
  • Length: 14:58
Show
View Real Time Build Order
Export as new Build Order

Goomba Terran - Winner!

Build Orders: Liberator Opening 

Get SALT Encoding   

  12  0:00  SCV  
  13  0:13  SCV  
  14  0:17  Supply Depot  
  14  0:25  SCV  
  15  0:39  SCV  
  15  0:40  Barracks  
  16  0:51  SCV  
  16  0:52  Refinery  
  17  1:03  SCV  
  18  1:15  SCV  
  19  1:27  Orbital Command  
  19  1:35  Barracks Reactor  
  19  1:42  Command Center  
  19  1:50  Supply Depot  
  20  1:54  SCV  
  20  2:03  Refinery  
  20  2:06  SCV  
  21  2:10  Marine x2  
  23  2:18  Factory  
  23  2:22  SCV  
  24  2:28  Marine x2  
  26  2:36  SCV  
  27  2:46  Marine x2  
  27  2:48  SCV  
  30  2:55  Orbital Command  
  30  3:01  Starport  
  30  3:02  Factory Reactor  
  30  3:04  Marine  
  30  3:05  Marine  
  32  3:10  SCV  
  33  3:15  Supply Depot  
  33  3:21  SCV  
  33  3:22  Marine  
  33  3:23  Marine  
  36  3:29  SCV  
  36  3:33  SCV  
  38  3:40  Marine x2  
  40  3:44  Supply Depot  
  40  3:46  Medivac x2, Widow Mine  
  46  3:51  SCV  
  46  3:52  SCV  
  48  3:58  Liberator  
  48  4:05  Marine x2  
  48  4:07  Supply Depot  
  48  4:08  Liberator  
  50  4:11  SCV  
  50  4:13  SCV  
  55  4:24  Marine x2  
  55  4:27  SCV x2  
  62  4:35  Command Center  
  62  4:42  SCV  
  62  4:43  SCV  
  62  4:45  Supply Depot  
  64  4:46  Marine x2  
  64  4:47  Factory Tech Lab  
  66  5:04  Marine x2  
  67  5:18  SCV x2  
  67  5:20  Command Center  
  60  5:35  SCV x2  
  57  5:36  Marine x2  
  57  5:41  Liberator x2  
  55  5:47  SCV x2  
  57  5:56  Barracks, Marine x2, Siege Tank  
  60  5:58  Barracks x2  
  60  5:59  Barracks, SCV  
  60  6:00  SCV  
  60  6:02  Refinery  
  60  6:03  Refinery  
  68  6:23  SCV x2  
  68  6:24  Marine x2  
  68  6:25  Liberator  
  70  6:35  SCV x2  
  72  6:41  Siege Tank  
  76  6:47  SCV x2  
  76  6:48  Orbital Command  
  76  6:50  Marine x2  
  76  6:51  Barracks Tech Lab  
  76  6:52  Barracks Reactor x2  
  76  6:53  Barracks Tech Lab  
  80  6:56  Engineering Bay  
  80  6:57  Engineering Bay  
  80  6:58  Supply Depot x2  
  80  6:59  SCV x2  
  82  7:06  Supply Depot, Medivac  
  82  7:07  Supply Depot  
  84  7:08  Marine x2  
  84  7:09  Stimpack  
  84  7:11  SCV x2  
  88  7:23  SCV x2, Orbital Command  
  88  7:28  Supply Depot  
  88  7:29  Supply Depot  
  90  7:35  SCV  
  91  7:38  Marine x7  
  91  7:39  Medivac, Siege Tank  
  91  7:42  SCV  
  91  7:43  Terran Infantry Armor Level 1  
  98  7:47  Marine  
  99  7:52  SCV  
  99  7:56  Marine  
  99  7:58  Supply Depot  
  101  8:00  SCV  
  101  8:01  SCV  
  101  8:04  Marine x4  
  107  8:06  Marine x2  
  107  8:07  Marine, Combat Shields  
  107  8:08  Terran Infantry Weapons Level 1  
  107  8:09  SCV  
  111  8:13  SCV  
  111  8:19  Marine  
  113  8:22  Marine  
  113  8:23  SCV x2  
  113  8:26  Marine x6  
  122  8:27  Supply Depot, Siege Tank  
  122  8:31  Medivac x2  
  129  8:37  Marine  
  129  8:40  Marine  
  131  8:44  Marine  
  131  8:45  SCV x2  
  131  8:47  Supply Depot, Marine x2  
  136  8:52  Marine, Marauder x2  
  136  8:55  Marine  
  142  8:56  SCV  
  142  8:57  SCV  
  142  8:58  Refinery  
  142  9:00  Refinery  
  142  9:01  Barracks  
  142  9:02  Barracks  
  144  9:03  Barracks  
  144  9:13  Armory  
  139  9:22  Marine x3  
  139  9:23  Marine x2  
  138  9:30  Marine x3  
  136  9:31  Medivac x2, Siege Tank  
  136  9:35  SCV x2  
  144  9:40  Marine x2  
  144  9:41  SCV  
  144  9:43  Marine x2  
  144  9:44  Marine  
  144  9:46  Command Center  
  144  9:47  SCV x2  
  144  9:48  Marine, Liberator x2  
  144  9:49  Marauder x2  
  144  9:50  Ghost Academy  
  144  9:51  Barracks Tech Lab  
  144  9:52  Barracks Tech Lab  
  151  9:53  Barracks Tech Lab  
  151  9:58  Marine x2  
  153  10:01  Marine x2, SCV x2  
  153  10:05  Supply Depot  
  163  10:07  Supply Depot x2  
  163  10:08  Supply Depot  
  163  10:10  Marauder  
  163  10:13  Terran Infantry Armor Level 2  
  165  10:21  Terran Infantry Weapons Level 2  
  165  10:25  Concussive Shells  
  165  10:27  Marauder, Marine, Siege Tank  
  171  10:37  Liberator x2  
  171  10:38  Marine x4, Marauder x2  
  178  10:54  Marine x3, Marauder x2  
  185  11:05  Marine x3, Marauder x2  
  185  11:06  Marine  
  190  11:15  Marauder x2  
  190  11:16  Marauder  
  194  11:29  Marine x3, Marauder x2  
  199  11:37  Marine x2, Marauder x2  
  199  11:38  Command Center  
  198  11:40  Liberator  
  198  11:42  Marauder  
  194  11:56  Marine x2, Marauder x2  
  198  12:10  Marine x2  
  198  12:11  Marauder, Planetary Fortress  
  198  12:13  Liberator  
  200  12:26  Marauder x2  
  190  12:30  Marine x2  
  190  12:32  Liberator  
  192  12:38  Starport x3  
  192  12:39  Fusion Core  
  190  12:46  Marine  
  190  12:47  Marine x3  
  185  13:00  Liberator  
  185  13:02  Marine x2  
  185  13:03  Marine x2  
  180  13:16  Marine x2  
  180  13:17  Marine x2, Marauder x2  
  180  13:25  Marine x3, Marauder x2  
  180  13:26  Siege Tank  
  185  13:32  Planetary Fortress  
  183  13:34  Marine, Refinery  
  183  13:40  Marine, Marauder  
  183  13:41  Marauder  
  189  13:45  Refinery  
  182  13:49  Liberator x2  
  176  13:58  Marine x3, Marauder  
  176  13:59  Marine, Marauder  
  179  14:06  Marine x2, Marauder x2  
  178  14:17  Marine x3, Marauder  
  178  14:18  Marine  
  178  14:20  Marauder  
  173  14:32  Marine x3  
  173  14:33  Marauder x2  
Show
View Real Time Build Order
Export as new Build Order

Miszu Zerg 

Build Orders: Hatch First 

Get SALT Encoding   

  12  0:00  Drone  
  13  0:13  Overlord  
  13  0:18  Drone  
  14  0:33  Drone x2  
  16  0:40  Drone  
  17  0:53  Hatchery  
  16  0:58  Drone  
  16  1:00  Drone  
  16  1:03  Extractor  
  17  1:09  Drone  
  18  1:19  Spawning Pool  
  18  1:24  Drone  
  18  1:31  Drone  
  19  1:42  Overlord  
  19  1:50  Drone  
  20  2:06  Queen x2  
  20  2:07  Metabolic Boost  
  24  2:09  Zergling x2  
  24  2:11  Zergling x2  
  24  2:15  Zergling x2  
  27  2:20  Drone  
  28  2:23  Drone  
  28  2:27  Drone  
  30  2:34  Drone  
  32  2:37  Drone  
  32  2:42  Queen  
  34  2:45  Overlord  
  34  2:50  Pneumatized Carapace  
  34  2:55  Drone  
  35  2:58  Drone  
  35  3:04  Drone  
  37  3:10  Drone x2  
  39  3:14  Drone x2  
  39  3:15  Overlord  
  39  3:17  Drone x2  
  43  3:22  Drone  
  44  3:34  Hatchery  
  44  3:37  Drone x2  
  44  3:40  Drone  
  44  3:41  Drone  
  47  3:44  Drone  
  48  3:52  Overlord  
  48  3:53  Spore Crawler  
  47  3:56  Roach Warren, Extractor  
  47  3:58  Extractor  
  47  4:02  Lair  
  44  4:12  Zergling x2  
  44  4:13  Zergling x10  
  50  4:18  Zergling x4  
  52  4:35  Overlord x2  
  52  5:04  Roach x5  
  52  5:05  Roach x5  
  57  5:29  Overseer  
  57  5:33  Drone x14  
  66  5:48  Drone x2  
  66  5:49  Drone  
  72  5:57  Drone x5  
  73  6:05  Overlord  
  73  6:07  Extractor, Queen  
  73  6:08  Extractor  
  73  6:12  Extractor  
  72  6:25  Roach x5  
  80  6:34  Drone x2  
  82  6:51  Evolution Chamber  
  82  6:52  Drone, Evolution Chamber  
  82  6:53  Overlord x4, Infestation Pit  
  80  6:55  Ravager x2  
  82  7:02  Glial Reconstitution  
  82  7:12  Ravager  
  82  7:15  Ravager  
  83  7:19  Drone x2  
  83  7:20  Drone x9  
  86  7:47  Overlord  
  86  7:51  Drone x2  
  86  7:52  Drone x4  
  86  7:53  Drone x5  
  86  7:57  Pathogen Glands  
  97  8:01  Zerg Missile Weapons Level 1  
  97  8:07  Zerg Ground Armor Level 1  
  97  8:13  Drone x5  
  97  8:19  Queen  
  102  8:23  Queen  
  106  8:29  Queen  
  106  8:32  Ravager x3  
  110  8:51  Spore Crawler  
  109  8:57  Infestor x2  
  109  8:58  Infestor x3  
  119  9:08  Infestor x2  
  118  9:12  Drone x4  
  98  9:34  Drone x15  
  98  9:38  Hive  
  113  9:44  Drone x4  
  117  9:47  Roach  
  119  10:07  Spine Crawler  
  119  10:09  Spore Crawler  
  119  10:11  Spore Crawler  
  119  10:12  Zerg Ground Armor Level 2  
  119  10:13  Zerg Melee Weapons Level 1  
  118  10:14  Roach x3  
  118  10:15  Overlord  
  118  10:16  Overlord x3  
  122  10:27  Overlord  
  122  10:28  Overlord x3  
  122  10:36  Queen  
  122  10:42  Ravager  
  126  10:43  Ravager x2  
  127  10:55  Roach x3  
  127  10:56  Roach x9  
  151  10:58  Queen  
  151  11:13  Roach x3  
  157  11:20  Ultralisk Cavern  
  146  11:38  Roach  
  146  11:39  Roach x9  
  162  11:57  Ravager  
  162  11:58  Ravager x6  
  162  11:59  Ravager, Roach  
  162  12:00  Overlord, Roach x6  
  172  12:34  Ultralisk x3  
  188  12:37  Zergling x12  
  188  12:38  Overlord  
  188  12:39  Overlord x3  
  182  12:53  Chitinous Plating  
  178  13:08  Infestor x2  
  178  13:10  Zergling x2  
  178  13:11  Zergling x18  
  158  13:25  Zergling x10  
  151  13:31  Ultralisk  
  157  13:39  Ultralisk  
  157  13:40  Zergling x10  
  133  14:04  Zergling x16  
  133  14:07  Zergling x12  
  146  14:11  Extractor  
Tags
 
Add a new tag
Caveats
  • Supply blocks, unpowered buildings, or Contaminate may cause inaccurate times.
  • Supply counts are checked every 10 seconds.